Map: Frozen Temple

Players

DarthMatter - Winner!

  • Race: Terran Terran
  • League: Silver

Zinthewin

  • Race: Terran Terran
  • League: Silver

VOD

Have the link to the VOD?

Description

Time

  • Played on: April 15, 2016, 12:09 p.m.
  • Length: 4:28
Show
View Real Time Build Order
Export as new Build Order

DarthMatter Terran - Winner!

Build Orders:  

Get SALT Encoding   

  12  0:02  SCV  
  13  0:14  SCV  
  13  0:20  Supply Depot  
  14  0:27  SCV  
  15  0:39  Refinery  
  15  0:44  Barracks  
  15  0:45  SCV  
  16  0:59  SCV  
  17  1:11  SCV  
  18  1:24  SCV  
  19  1:28  Engineering Bay  
  19  1:32  Supply Depot  
  19  1:35  Reaper  
  20  1:41  Orbital Command  
  20  2:01  Factory  
  20  2:07  Refinery  
  20  2:09  SCV  
  20  2:11  Marine  
  22  2:21  SCV  
  23  2:29  Marine  
  24  2:33  SCV  
  24  3:00  Factory Tech Lab  
  24  3:01  Starport  
  24  3:08  Command Center  
  24  3:09  SCV  
  24  3:11  Barracks Reactor  
  25  3:18  Supply Depot  
  25  3:20  Supply Depot  
  25  3:23  Siege Tank  
  28  3:33  SCV  
  29  3:39  Medivac  
  31  3:48  Marine x2  
Show
View Real Time Build Order
Export as new Build Order

Zinthewin Terran 

Build Orders: Hellion Opening 

Get SALT Encoding   

  12  0:01  SCV  
  13  0:13  SCV  
  14  0:18  Supply Depot  
  14  0:25  SCV  
  15  0:31  Refinery  
  15  0:40  SCV  
  16  0:46  Barracks  
  16  0:52  SCV  
  17  0:58  Refinery  
  17  1:04  SCV  
  18  1:24  SCV  
  19  1:35  Factory  
  19  1:37  Barracks Reactor  
  19  1:38  Orbital Command  
  19  1:50  Supply Depot  
  19  2:03  Factory  
  19  2:06  SCV  
  20  2:22  SCV  
  21  2:25  Barracks Tech Lab  
  21  2:26  Hellion  
  21  2:29  Hellion  
  25  2:34  SCV  
  26  2:38  Supply Depot  
  26  2:46  SCV  
  27  3:00  Hellion x2  
  27  3:05  SCV  
  32  3:08  Infernal Pre-Igniter  
  32  3:12  Hellion  
  34  3:17  SCV  
  34  3:19  Supply Depot  
  35  3:26  Hellion  
  37  3:30  Hellion  
  42  3:41  SCV, Hellion  
  42  3:55  Hellion x2  
  46  4:06  Hellion  
Tags
 
Add a new tag
Caveats
  • Supply blocks, unpowered buildings, or Contaminate may cause inaccurate times.
  • Supply counts are checked every 10 seconds.